 Dungeon Crawl Stone Soup version 0.29.1-1-gd02db6906a (webtiles) character file.

Game seed: 18088029030514822245

64985 SlimeGoblin the Peltast (level 14, 0/133 HPs)
             Began as a Minotaur Fighter on Sept 13, 2022.
             Was a High Priest of Trog.
             Slain by a deep troll (9 damage)
             ... on level 1 of the Depths on Sept 18, 2022.
             The game lasted 01:34:45 (21612 turns).

SlimeGoblin the Peltast (Minotaur Fighter)         Turns: 21612, Time: 01:34:46

Health: 0/133      AC: 32    Str: 25    XL:     14   Next: 73%
Magic:  13/13      EV:  8    Int:  5    God:    Trog [*****.]
Gold:   930        SH: 18    Dex: 11    Spells: 13/13 levels left

rFire   . . .      SeeInvis .   U - +6 trident (protect)
rCold   . . .      Faith    .   W - +0 kite shield
rNeg    + . .      Spirit   .   T - +4 chain mail of Pragmatism {-Tele rElec rCorr}
rPois   +          Reflect  +   (helmet restricted)
rElec   +          Harm     .   u - +0 cloak
rCorr   +          Rampage  .   F - +2 pair of gloves
Will    ++...      NoTele   +   N - +1 pair of boots
Stlth   ..........              t - amulet of reflection
HPRegen 0.32/turn               H - ring of positive energy
MPRegen 0.13/turn               w - ring of poison resistance

@: under a protective aura, on berserk cooldown, slowed, very slow
A: horns 2, retaliatory headbutt, strong-willed 1
a: Renounce Religion, Berserk, Trog's Hand, Brothers in Arms


You were on level 1 of the Depths.
You worshipped Trog.
Trog was extremely pleased with you.
You visited 2 branches of the dungeon, and saw 16 of its levels.

You collected 930 gold pieces.

Inventory:

Hand Weapons
 a - the +5 arbalest "Mohoonn" {venom, Stlth+}
   (You took it off a deep elf archer on level 14 of the Dungeon)

   Any ammunition fired from it poisons the flesh of those it strikes.
   Stlth:     It makes you more stealthy.
 p - a +2 vampiric short sword
 E - the +6 mace "Coischegh" {freeze, Int+4 Dex+2}
   (You found it on level 5 of the Dungeon)

   It freezes those it strikes, dealing additional cold damage.
   It can also slow down cold-blooded creatures.
   Int:       It affects your intelligence (+4).
   Dex:       It affects your dexterity (+2).
 J - a +4 war axe
 U - a +6 trident of protection (weapon)
Missiles
 Y - 6 large rocks
Armour
 u - a +0 cloak (worn)
 F - a +2 pair of gloves (worn)
 I - a +4 ring mail
 N - a +1 pair of boots (worn)
 T - the +4 chain mail of Pragmatism (worn) {-Tele rElec rCorr}
   (You took it off a gnoll sergeant on level 10 of the Dungeon)

   rElec:     It insulates you from electricity.
   -Tele:     It prevents most forms of teleportation.
   rCorr:     It protects you from acid and corrosion.
 W - a +0 kite shield (worn)
Jewellery
 n - a ring of flight
 s - an amulet of faith
 t - an amulet of reflection (around neck)
 w - a ring of poison resistance (right hand)
 H - a ring of positive energy (left hand)
 Q - an amulet of the acrobat
 S - an amulet of magic regeneration
Wands
 g - a wand of polymorph (4)
 h - a wand of roots (6)
Scrolls
 c - a scroll of silence {unknown}
 f - 11 scrolls of identify {unknown}
 i - 6 scrolls of fog {unknown}
 j - a scroll of poison {unknown}
 k - 3 scrolls of magic mapping {unknown}
 m - 4 scrolls of blinking {unknown}
 q - 5 scrolls of fear {unknown}
 v - 2 scrolls of torment {unknown}
 x - 4 scrolls of vulnerability {unknown}
 y - 6 scrolls of teleportation {unknown}
 z - 3 scrolls of amnesia {unknown}
 A - 3 scrolls of enchant weapon {unknown}
 K - 2 scrolls of enchant armour {unknown}
 V - a scroll of summoning {unknown}
Potions
 b - a potion of ambrosia {unknown}
 d - 3 potions of might
 e - 3 potions of attraction
 l - 2 potions of magic
 o - a potion of berserk rage {unknown}
 r - 4 potions of flight
 B - 4 potions of mutation
 C - a potion of degeneration {unknown}
 D - 3 potions of lignification {unknown}
 G - 3 potions of brilliance {unknown}
 L - 4 potions of cancellation {unknown}
 M - a potion of curing
 R - 5 potions of haste
Miscellaneous
 O - a box of beasts
 P - a piece from Xom's chessboard (15/15)
 X - a piece from Xom's chessboard (15/15)


   Skills:
 * Level 14.8 Fighting
 - Level 2.2 Short Blades
 - Level 14.2(16.0) Axes
 + Level 12.0(14.9) Polearms
 * Level 14.1 Armour
 - Level 0.2 Stealth
 * Level 16.4 Shields


You had 13 spell levels left.
You didn't know any spells.
Your spell library contained the following spells:

 Spells                   Type           Power      Damage    Failure   Level
 Apportation              Tloc           0%         N/A       98%         1
 Necrotise                Necr           0%         1d4       98%         1
 Summon Small Mammal      Summ           0%         N/A       98%         1
 Sublimation of Blood     Necr           0%         N/A       99%         2
 Inner Flame              Hex/Fire       0%         N/A       100%        3
 Ozocubu's Armour         Ice            0%         N/A       100%        3
 Anguish                  Hex/Necr       0%         N/A       100%        4
 Animate Dead             Necr           0%         N/A       100%        4
 Cause Fear               Hex            0%         N/A       100%        4
 Corpse Rot               Necr/Pois/Air  0%         N/A       100%        4
 Dispel Undead            Necr           0%         3d6       100%        4
 Agony                    Necr           0%         N/A       100%        5
 Borgnjor's Vile Clutch   Necr/Erth      0%         N/A       100%        5
 Metabolic Englaciation   Hex/Ice        0%         N/A       100%        5
 Death Channel            Necr           0%         N/A       100%        6
 Simulacrum               Ice/Necr       0%         N/A       100%        6
 Discord                  Hex            0%         N/A       100%        8


Dungeon Overview and Level Annotations

Branches:
Dungeon (15/15)            Temple (0/1) D:5            Lair (0/5) D:10
    Orc (0/2) D:9          Vaults (0/5) D:14         Depths (1/4) D:15

Altars:
Dithmenos
Elyvilon
Fedhas
Gozag
Hepliaklqana
Kikubaaqudgha
Qazlal
Trog
Xom
Zin
The Shining One

Portals:
Ziggurat: Depths:1

Annotations:
D:5 2 transporters, Valamore's ghost, novice PaFi
D:10 1 runed translucent door, SigmundSlayer's ghost, journeyman DsAr


Innate Abilities, Weirdness & Mutations

You have a pair of horns on your head.
You reflexively headbutt those who attack you in melee.
You are strong-willed. (Will+)


Message History

The slime creature hits you but does no damage.
The tengu warrior hits you with a +0 great mace!
* * * LOW HITPOINT WARNING * * *
The tengu warrior pecks you but does no damage.
The tengu warrior claws you but does no damage.
Okay, then.
You puncture the tengu warrior!
The tengu warrior is lightly wounded.
The deep troll bites you but does no damage.
The deep troll claws you.
* * * LOW HITPOINT WARNING * * *
You block the deep troll's attack.
You puncture the tengu warrior! Your headbutt misses the tengu warrior.
The tengu warrior is moderately wounded.
You block the tengu conjurer's attack.
The tengu conjurer pecks you but does no damage.
You block the tengu conjurer's attack.
The tengu warrior hits you but does no damage.
The tengu warrior pecks you but does no damage.
The tengu warrior closely misses you. The slime creature barely misses you.
You furiously retaliate!
You headbutt the slime creature! You hit the tengu warrior.
You headbutt the tengu warrior!
The tengu warrior is severely wounded.
The deep troll bites you but does no damage.
The deep troll claws you but does no damage. x2
You completely miss the tengu warrior. Your headbutt misses the tengu warrior.
The tengu warrior is severely wounded.
You are no longer berserk.
You are exhausted.
You feel yourself slow down.
The slime creature changes into a shock serpent!
You block the tengu conjurer's attack. x3
The tengu warrior hits you but does no damage.
You block the tengu warrior's attack.
The tengu warrior claws you but does no damage.
You miss the tengu warrior.
The tengu warrior is severely wounded.
The shock serpent changes into an elephant!
The deep troll bites you!
You die...

#........P.≈.≈.P..
#.............####
#.............# #
#.............# #
#.............# ##
#...########### #.
#...# #. #)).# #.
#@Q.# #.
......YTQ.# #.
..+...TQ..# #.
#.......# #.
#.......# ######.
####+#### #......
#...... #......
#......


You could see an elephant shaped shifter, a tengu warrior, 2 deep trolls and 2
tengu conjurers.

Vanquished Creatures
  A tengu reaver (Depths:1)
  A stone giant (Depths:1)
  A very ugly thing (Depths:1)
  2 ettins (Depths:1)
  Snorg (D:10)
  4 hydras
  3 boulder beetles
  An ogre mage (D:14)
  5 two-headed ogres
  6 centaur warriors
  4 tengu warriors
  A vampire mage (Depths:1)
  A deep troll shaman (Depths:1)
  Sonja (D:10)
  3 skeletal warriors (D:14)
  A glowing orange brain (Depths:1)
  An orb spider (shapeshifter) (D:14)
  A deep elf archer (D:14)
  2 wizards
  2 orc knights
  A necromancer (D:15)
  4 deep elf pyromancers
  A phantasmal warrior (D:14)
  2 orc sorcerers (D:15)
  2 manticores
  2 cyclopes (D:14)
  A salamander (shapeshifter) (D:15)
  24 ugly things
  A salamander (Depths:1)
  Maurice (D:9)
  4 molten gargoyles (D:13)
  A naga mage (D:15)
  7 gargoyles
  Maggie (D:6)
  3 centaur skeletons (D:15)
  A rime drake (shapeshifter) (D:14)
  3 kobold demonologists
  An unseen horror (D:12)
  2 komodo dragons
  A freezing wraith (D:15)
  4 trolls
  A tengu conjurer (D:15)
  A wolf spider simulacrum (D:15)
  3 meliai (D:14)
  A hornet (D:10)
  6 slime creatures
  5 centaur simulacra
  A vampire (D:13)
  2 wraiths (D:12)
  4 wyverns
  4 shadows
  2 water elementals (Depths:1)
  4 basilisks
  14 yaks
  17 vampire mosquitoes
  A steam dragon (D:9)
  2 acid dragons
  2 water moccasins (D:9)
  Duvessa (D:6)
  3 orc warriors
  A sky beast (D:7)
  A meliai simulacrum (D:14)
  2 ogres (D:14)
  19 centaurs
  4 bullfrogs
  7 kobold brigands
  2 gnoll sergeants
  A necrophage (D:5)
  A hornet simulacrum (D:14)
  8 wights
  Dowan (D:6)
  3 killer bees (D:9)
  A gnoll bouda (D:8)
  16 orc priests
  4 hounds
  4 iguanas
  Natasha (twice) (D:3)
  11 orc wizards
  3 adders
  19 gnolls
  A shadow imp (D:6)
  A white imp (D:5)
  2 ufetubi
  3 dart slugs
  45 orcs
  5 endoplasms
  3 giant cockroaches
  9 goblins
  12 hobgoblins
  2 jackals (D:2)
  3 quokkas
  5 ball pythons
  6 bats
  11 frilled lizards
  18 kobolds
  6 rats
  A spectral orc (D:4)
  A fire vortex (D:13)
427 creatures vanquished.

Vanquished Creatures (collateral kills)
  A two-headed ogre (D:14)
  An orc warrior (D:14)
2 creatures vanquished.

Vanquished Creatures (others)
  A sphinx (D:14)
  A rakshasa (D:14)
  A deep elf pyromancer (D:14)
  31 plants
34 creatures vanquished.

Grand Total: 463 creatures vanquished

Notes
Turn   | Place    | Note
-------+----------+-------------------------------------------
     0 | D:1      | SlimeGoblin the Minotaur Fighter began the quest for the
                  | Orb.
     0 | D:1      | Reached XP level 1. HP: 19/19 MP: 0/0
    55 | D:1      | Found a faded altar of an unknown god.
    60 | D:1      | Prayed at the altar of an unknown god.
    60 | D:1      | Became a worshipper of Kikubaaqudgha
    60 | D:1      | Reached * piety under Kikubaaqudgha
    60 | D:1      | Received a gift from Kikubaaqudgha
   176 | D:1      | Reached XP level 2. HP: 27/27 MP: 1/1
   638 | D:1      | Reached ** piety under Kikubaaqudgha
   639 | D:1      | Reached XP level 3. HP: 27/33 MP: 2/2
  1088 | D:2      | Reached skill level 4 in Shields
  2089 | D:3      | Reached XP level 4. HP: 41/41 MP: 3/3
  2189 | D:3      | Reached skill level 1 in Short Blades
  2725 | D:3      | Noticed Natasha
  2731 | D:3      | Killed Natasha
  2732 | D:3      | Reached XP level 5. HP: 45/47 MP: 4/4
  2785 | D:3      | Reached *** piety under Kikubaaqudgha
  2785 | D:3      | Received a gift from Kikubaaqudgha
  2968 | D:3      | Noticed Natasha
  2973 | D:3      | Killed Natasha
  2974 | D:3      | Reached skill level 5 in Armour
  3265 | D:4      | Found a bloodstained altar of Trog.
  3391 | D:4      | Fell from the grace of Kikubaaqudgha
  3391 | D:4      | Became a worshipper of Trog the Wrathful
  3652 | D:4      | Found a hazy altar of Hepliaklqana.
  3727 | D:5      | Entered Level 5 of the Dungeon
  3772 | D:5      | Reached skill level 5 in Fighting
  3856 | D:5      | Reached XP level 6. HP: 55/56 MP: 5/5
  3890 | D:5      | Noticed a two-headed ogre
  3908 | D:5      | Reached skill level 5 in Axes
  3914 | D:5      | Noticed Valamore's ghost (novice PaFi)
  4000 | D:5      | Found a transporter.
  4198 | D:5      | Found a transporter.
  4223 | D:5      | Found a staircase to the Ecumenical Temple.
  4318 | D:5      | Identified the +6 mace "Coischegh" {freeze, Int+4 Dex+2}
  4384 | D:5      | Reached skill level 5 in Shields
  4384 | D:5      | Reached XP level 7. HP: 50/61 MP: 6/6
  4878 | D:6      | Found a glowing golden altar of the Shining One.
  5014 | D:6      | Found a shadowy altar of Dithmenos.
  5041 | D:6      | Noticed Maggie
  5052 | D:6      | Killed Maggie
  5052 | D:6      | Reached * piety under Trog
  5053 | D:6      | Reached XP level 8. HP: 38/70 MP: 7/7
  5205 | D:6      | Noticed Dowan
  5215 | D:6      | Noticed Duvessa
  5220 | D:6      | Killed Dowan
  5227 | D:6      | Killed Duvessa
  5812 | D:6      | Reached skill level 6 in Shields
  6700 | D:7      | Reached skill level 7 in Shields
  6720 | D:7      | Reached XP level 9. HP: 73/79 MP: 8/8
  7323 | D:7      | Noticed a gargoyle
  7325 | D:7      | Killed a gargoyle
  7334 | D:7      | Noticed a gargoyle
  7337 | D:7      | Killed a gargoyle
  7343 | D:7      | Noticed a gargoyle
  7348 | D:7      | Killed a gargoyle
  7349 | D:7      | Reached skill level 8 in Shields
  7415 | D:7      | Noticed a gargoyle
  7422 | D:7      | Killed a gargoyle
  7423 | D:7      | Reached skill level 10 in Axes
  7432 | D:7      | Noticed a gargoyle
  7438 | D:7      | Killed a gargoyle
  7438 | D:7      | Reached ** piety under Trog
  7569 | D:7      | Found a glowing silver altar of Zin.
  7844 | D:8      | Reached XP level 10. HP: 90/90 MP: 9/9
  7881 | D:8      | Found a shimmering altar of Xom.
  8020 | D:8      | Reached skill level 9 in Shields
  8640 | D:8      | Found a blossoming altar of Fedhas.
  8864 | D:9      | Noticed Maurice
  8889 | D:9      | Killed Maurice
  8943 | D:9      | Reached *** piety under Trog
  9434 | D:9      | Gained mutation: You have a pair of large horns on your
                  | head. [potion of mutation]
  9434 | D:9      | Lost mutation: You have a pair of large horns on your head.
                  | [potion of mutation]
  9434 | D:9      | Gained mutation: You are strong-willed. (Will+) [potion of
                  | mutation]
  9798 | D:9      | Found a staircase to the Orcish Mines.
 10151 | D:9      | Noticed a rust devil
 10310 | D:10     | Entered Level 10 of the Dungeon
 10336 | D:10     | Found a white marble altar of Elyvilon.
 10350 | D:10     | Noticed Snorg
 10352 | D:10     | Noticed Sonja
 10365 | D:10     | Killed Snorg
 10366 | D:10     | Reached skill level 10 in Shields
 10377 | D:10     | Killed Sonja
 10378 | D:10     | Reached XP level 11. HP: 32/99 MP: 10/10
 10762 | D:10     | Found a runed translucent door.
 10770 | D:10     | Noticed SigmundSlayer's ghost (journeyman DsAr)
 10840 | D:10     | Reached skill level 10 in Fighting
 10885 | D:10     | Found an opulent altar of Gozag.
 10973 | D:10     | Identified the +4 chain mail of Pragmatism {-Tele rElec
                  | rCorr}
 11480 | D:10     | Reached **** piety under Trog
 11530 | D:10     | Found a staircase to the Lair.
 11848 | D:11     | Was forgiven by Kikubaaqudgha
 12165 | D:11     | Noticed a two-headed ogre
 12171 | D:11     | Killed a two-headed ogre
 12175 | D:11     | Reached skill level 11 in Shields
 12339 | D:11     | You are sucked into a shaft and drop 3 floors!
 12348 | D:14     | Noticed a centaur warrior
 12364 | D:14     | Killed a centaur warrior
 12365 | D:14     | Reached skill level 10 in Armour
 12452 | D:14     | Noticed a rakshasa
 12895 | D:13     | Noticed a centaur warrior
 12903 | D:13     | Killed a centaur warrior
 13010 | D:12     | Noticed a boulder beetle
 13028 | D:12     | Killed a boulder beetle
 13261 | D:12     | Noticed a deep elf pyromancer
 13278 | D:12     | Killed a deep elf pyromancer
 13279 | D:12     | Reached XP level 12. HP: 72/110 MP: 11/11
 13628 | D:12     | Reached skill level 12 in Shields
 13649 | D:12     | Noticed a two-headed ogre
 13654 | D:12     | Killed a two-headed ogre
 13655 | D:12     | Reached skill level 1 in Polearms
 14371 | D:12     | Noticed a two-headed ogre
 14379 | D:12     | Killed a two-headed ogre
 15064 | D:13     | Reached skill level 5 in Polearms
 15255 | D:13     | Noticed a five-headed hydra
 15255 | D:13     | Noticed a centaur warrior
 15269 | D:13     | Killed a centaur warrior
 15280 | D:13     | Killed a five-headed hydra
 15285 | D:13     | Reached skill level 13 in Shields
 15424 | D:13     | HP: 5/113 [molten gargoyle/bolt of magma (26)]
 16350 | D:14     | Noticed a boulder beetle
 16373 | D:14     | Reached XP level 13. HP: 81/119 MP: 12/12
 16437 | D:14     | HP: 4/119 [boulder beetle (18)]
 17167 | D:14     | Found a stormy altar of Qazlal.
 17600 | D:14     | Reached skill level 14 in Shields
 17857 | D:14     | Noticed a sphinx
 17877 | D:14     | Killed a sphinx
 18512 | D:14     | Reached skill level 15 in Shields
 18552 | D:14     | Identified the +5 arbalest "Mohoonn" {venom, Stlth+}
 18557 | D:14     | Found a gate to the Vaults.
 18853 | D:14     | Reached skill level 10 in Polearms
 19055 | D:14     | Upgraded the game from 0.29.1 to 0.29.1-1-gd02db6906a
 19060 | D:15     | Entered Level 15 of the Dungeon
 19066 | D:15     | Reached ***** piety under Trog
 19087 | D:15     | Reached XP level 14. HP: 128/130 MP: 13/13
 20154 | D:15     | Paralysed by an orc sorcerer for 3 turns
 20189 | D:15     | Found a staircase to the Depths.
 20528 | D:15     | Reached skill level 16 in Shields
 20912 | Depths:1 | Entered Level 1 of the Depths
 20920 | Depths:1 | Noticed a brown very ugly thing
 20948 | Depths:1 | Killed a brown very ugly thing
 21116 | Depths:1 | Found a one-way gateway to a ziggurat.
 21368 | Depths:1 | Noticed a stone giant
 21384 | Depths:1 | Killed a stone giant
 21553 | Depths:1 | Noticed a tengu reaver
 21569 | Depths:1 | Killed a tengu reaver
 21612 | Depths:1 | Slain by a deep troll

Illustrated notes

Levels and vault maps discovered:
D:1:      scummos_arrival_simple_crosswalls, layout_loops_ring,
          nicolae_ecumenical_lake_church, wad_floor_pattern_2,
          roderic_roman_lattice, nicolae_kite_square_tiling_tiny
D:2:      layout_loops_ring
D:3:      layout_loops_corners, uniq_natasha
D:4:      layout_loops_ring, mainiacjoe_overflow_tiny_flanked,
          nicolae_hepliaklqana_monster_ancestors, minivault_26
D:5:      layout_loops_ring, temple_fountains, gammafunk_ghost_arena
D:6:      layout_basic, nicolae_dithmenos_the_darkroom,
          mainiacjoe_overflow_catwalk, minmay_lizard_king, uniq_duvessa,
          uniq_maggie
D:7:      cheibrodos_statue_roulette, layout_rooms, mainiacjoe_overflow_brackets
D:8:      layout_loops_cross, fedhas_altar_decomposition,
          lemuel_coloured_pillars_altar
D:9:      layout_gridville, minmay_orc_entry_temple_small, uniq_maurice
D:10:     layout_rooms, lemuel_round_altar, kennysheep_little_box,
          erik_lair_dragon, ebering_ghost_reflecting_pool, uniq_sonja,
          uniq_snorg
D:11:     layout_long_grid, gauntlet_entry_generic
D:12:     layout_roguey
D:13:     layout_basic, minivault_8
D:14:     nzn_winding_woodlands_medium [nzn_winding_woodlands_5x5_cross,
          nzn_winding_woodlands_5x15_pathside_ponds,
          nzn_winding_woodlands_5x5_checkerboard,
          nzn_winding_woodlands_hourglass, nzn_winding_woodlands_center_garden,
          nzn_winding_woodlands_5x5_three, nzn_winding_woodlands_5x5_default,
          nzn_winding_woodlands_5x15_pool, nzn_winding_woodlands_5x5_open_star],
          layout_stronghold, hangedman_vaults_entry_quadrant_bands,
          lemuel_doored_altar
D:15:     grunt_enter_depths_magical_seal, layout_irregular_city,
          chequers_serial_rivers_micro_d
Depths:1: layout_gridlike, enter_ziggurat_a, hell_entry, kennysheep_nondescript,
          nicolae_elyvilon_temple_path, kennysheep_random_hallway,
          minmay_shop_grove

Skill      XL: |  1  2  3  4  5  6  7  8  9 10 11 12 13 14 |
---------------+-------------------------------------------+-----
Armour         | 4 5 7 8 9 10 12 13 14 | 14.1
Fighting       | 4 5 6 7 8 9 11 12 13 14 | 14.8
Shields        | 4 5 7 8 10 11 13 15 16 | 16.4
Axes           | 3 4 6 7 8 10 13 14 | 14.2
Short Blades   | 2 |  2.2
Polearms       | 7 10 12 | 12.0
Stealth        | |  0.2

Action                   |  1- 3 |  4- 6 |  7- 9 | 10-12 | 13-15 || total
-------------------------+-------+-------+-------+-------+-------++-------
Melee: War axe           |    70 |   117 |    99 |   241 |       ||   527
       Headbutt          |    18 |    22 |    30 |   132 |   173 ||   375
       Short sword       |    37 |    32 |       |       |       ||    69
       Mace              |       |       |    58 |       |       ||    58
       Trident           |       |       |       |   432 |   707 ||  1139
Invok: Berserk           |       |       |     1 |     7 |    11 ||    19
       Trog's Hand       |       |       |       |     1 |     2 ||     3
       Brothers in Arms  |       |       |       |       |     1 ||     1
  Use: Potion            |       |     3 |     2 |    10 |     3 ||    18
 Stab: Distracted        |       |       |     1 |       |       ||     1
Armor: Scale mail        |    50 |       |       |       |       ||    50
       Chain mail        |     3 |    67 |     7 |   251 |   228 ||   556
       Ring mail         |       |       |    39 |    58 |       ||    97
Dodge: Dodged            |    39 |    43 |    53 |   170 |    82 ||   387
Block: Buckler           |    27 |    72 |    91 |   246 |       ||   436
       Reflection        |       |     4 |    10 |    31 |    20 ||    65
       Kite shield       |       |       |       |   115 |   389 ||   504
